Map: King Sejong Station LE

Players

Nerchio - Winner!

  • Race: Zerg Zerg

Cyan

  • Race: Protoss Protoss

Event: IEM Season 11 - Shanghai

VOD

https://www.youtube.com/watch?v=vfqk2jutEV8

Description

Time

  • Played on: July 28, 2016, 9:33 a.m.
  • Length: 12:07

All games in this series

Show
View Real Time Build Order
Export as new Build Order

Nerchio Zerg - Winner!

Build Orders: Hatch First, Lurkers 

Get SALT Encoding   

  12  0:00  Drone  
  13  0:12  Overlord  
  13  0:17  Drone  
  14  0:30  Drone x2  
  14  0:34  Drone  
  17  0:52  Hatchery  
  17  0:55  Drone  
  17  0:58  Drone  
  17  1:01  Extractor  
  17  1:13  Spawning Pool  
  17  1:17  Drone  
  17  1:20  Drone  
  18  1:28  Drone  
  19  1:38  Overlord  
  19  1:50  Drone  
  20  2:00  Queen  
  20  2:01  Metabolic Boost  
  22  2:04  Queen  
  22  2:07  Zergling x2  
  25  2:11  Drone  
  25  2:13  Zergling x2  
  27  2:18  Drone  
  27  2:21  Drone  
  29  2:25  Drone  
  30  2:35  Drone  
  32  2:37  Drone  
  32  2:43  Drone  
  33  2:47  Zergling x2  
  34  2:53  Overlord  
  34  2:59  Hatchery  
  34  3:01  Zergling x2  
  34  3:04  Drone  
  35  3:11  Queen  
  37  3:13  Drone x3, Zergling x2  
  37  3:16  Drone  
  41  3:22  Drone x3  
  44  3:32  Overlord  
  43  3:35  Drone  
  43  3:38  Overlord  
  44  3:42  Overlord  
  43  3:50  Queen, Spore Crawler  
  43  3:51  Queen  
  43  3:52  Drone  
  43  3:53  Drone  
  43  3:55  Drone  
  49  3:57  Drone  
  49  3:58  Drone  
  50  4:06  Drone x2  
  52  4:11  Evolution Chamber  
  52  4:13  Queen  
  52  4:14  Zergling x2  
  52  4:15  Zergling x4  
  52  4:16  Zergling x2  
  57  4:18  Zergling x2  
  57  4:23  Drone x3  
  61  4:24  Drone  
  61  4:26  Zergling x2  
  61  4:40  Drone  
  61  4:41  Drone x4  
  61  4:43  Drone x2  
  61  4:44  Drone  
  61  4:45  Drone  
  68  4:47  Zerg Melee Weapons Level 1  
  68  4:49  Lair  
  68  4:51  Drone  
  68  4:52  Extractor, Drone  
  69  4:54  Drone  
  69  4:55  Drone  
  69  4:58  Drone  
  69  4:59  Drone x2  
  74  5:02  Overlord  
  74  5:05  Overlord  
  73  5:17  Drone x2  
  73  5:18  Drone, Overlord  
  73  5:20  Overlord  
  74  5:21  Extractor, Drone  
  74  5:22  Drone x6, Extractor  
  74  5:24  Drone  
  74  5:25  Extractor x2  
  74  5:27  Drone  
  79  5:30  Drone  
  80  5:36  Roach Warren  
  79  5:43  Drone x3  
  79  5:44  Drone  
  79  5:47  Overlord  
  82  5:52  Hatchery  
  82  5:53  Overlord  
  82  5:54  Overseer, Hydralisk Den  
  80  6:04  Zergling x8  
  82  6:05  Overlord  
  84  6:12  Drone  
  84  6:15  Drone x2  
  84  6:17  Overlord  
  87  6:24  Overlord  
  87  6:26  Roach  
  87  6:27  Roach x2  
  87  6:28  Hydralisk  
  87  6:29  Muscular Augments, Hydralisk x5  
  104  6:32  Extractor  
  104  6:35  Hydralisk x2  
  104  6:38  Hydralisk  
  109  6:40  Hydralisk  
  109  6:42  Hydralisk  
  109  6:44  Hydralisk, Spine Crawler  
  114  6:49  Hydralisk x2  
  114  6:53  Roach  
  120  6:55  Zerg Melee Weapons Level 2  
  120  6:57  Hydralisk  
  120  6:58  Hydralisk  
  124  7:01  Overlord  
  124  7:02  Overseer  
  124  7:05  Hydralisk  
  126  7:09  Zergling x2  
  126  7:10  Zergling x10  
  126  7:14  Ravager x3  
  135  7:18  Zergling x12  
  135  7:20  Zergling x2  
  135  7:21  Zergling x2  
  135  7:22  Zergling x2  
  144  7:23  Zergling x2  
  144  7:27  Overlord  
  145  7:31  Overlord  
  145  7:32  Overlord  
  145  7:36  Hydralisk x2  
  144  7:38  Hydralisk  
  144  7:41  Hydralisk x2  
  150  7:45  Lurker Den  
  150  7:46  Zergling x2  
  150  7:47  Hydralisk  
  153  7:55  Spore Crawler  
  153  7:58  Zergling x14  
  156  7:59  Zergling x4  
  156  8:02  Zergling x4  
  163  8:07  Drone x2  
  163  8:08  Drone  
  163  8:09  Overlord  
  165  8:23  Hydralisk x5  
  165  8:25  Overlord x2  
  165  8:26  Overlord  
  175  8:28  Pneumatized Carapace  
  175  8:32  Overlord  
  175  8:39  Overlord  
  174  8:41  Overlord x2  
  174  8:43  Infestation Pit  
  174  8:48  Zergling x10  
  176  8:54  Zergling x16  
  186  9:02  Zergling x10  
  187  9:11  Zergling x2  
  187  9:12  Zergling x6  
  187  9:14  Lurker x4  
  187  9:15  Lurker x2  
  187  9:16  Lurker x2  
  199  9:17  Zergling x2  
  175  9:41  Zergling x32  
  181  9:47  Hydralisk  
  177  9:54  Hydralisk x3  
  177  9:55  Hive  
  177  9:57  Spire  
  177  9:58  Hydralisk  
  177  9:59  Hydralisk x2  
  186  10:00  Hydralisk  
  188  10:08  Hydralisk x5  
  188  10:12  Hydralisk x2  
  192  10:16  Hydralisk  
  192  10:17  Hydralisk  
  192  10:19  Hydralisk  
  188  10:21  Hydralisk  
  188  10:23  Hydralisk  
  188  10:28  Zergling x6  
  188  10:29  Hydralisk  
  188  10:32  Hydralisk  
  188  10:34  Hydralisk  
  175  10:38  Zergling x2  
  175  10:39  Zergling x4  
  175  10:40  Zergling x2  
  175  10:42  Hydralisk  
  171  10:45  Hydralisk x2  
  171  10:48  Hydralisk  
  154  10:51  Lurker x2  
  154  10:52  Lurker  
  154  10:53  Lurker  
  154  10:55  Zergling x2  
  154  10:56  Zergling x2  
  152  10:59  Zergling x2  
  152  11:00  Zergling x4  
  152  11:01  Zergling x2  
  152  11:02  Zergling x2  
  152  11:03  Zergling x2  
  158  11:04  Zergling x2  
  158  11:05  Overseer  
  158  11:08  Zergling x4  
  161  11:14  Zergling x2  
  161  11:15  Zergling x8  
  161  11:16  Zergling x2  
  166  11:20  Zergling x6  
  166  11:21  Zergling x2  
  166  11:22  Zergling x2  
  166  11:25  Hydralisk  
  170  11:27  Hydralisk  
  170  11:32  Hydralisk x2  
  172  11:33  Hydralisk  
  172  11:36  Hydralisk  
Show
View Real Time Build Order
Export as new Build Order

Cyan Protoss 

Build Orders: Nexus First, Oracle Opening 

Get SALT Encoding   

  12  0:00  Probe (Chrono Boost)  
  13  0:11  Probe (Chrono Boost)  
  14  0:18  Pylon  
  14  0:22  Probe (Chrono Boost)  
  15  0:37  Probe (Chrono Boost)  
  16  0:47  Probe (Chrono Boost)  
  17  0:58  Nexus  
  17  1:01  Probe (Chrono Boost)  
  18  1:11  Gateway  
  18  1:14  Probe (Chrono Boost)  
  19  1:21  Assimilator  
  19  1:25  Probe (Chrono Boost)  
  20  1:29  Assimilator  
  20  1:36  Probe (Chrono Boost)  
  21  1:46  Probe (Chrono Boost)  
  22  1:50  Gateway  
  22  1:57  Probe (Chrono Boost)  
  22  1:59  Cybernetics Core  
  23  2:10  Probe x2 (Chrono Boost)  
  25  2:21  Probe (Chrono Boost)  
  25  2:22  Probe (Chrono Boost)  
  27  2:32  Probe (Chrono Boost), Adept  
  27  2:33  Stalker  
  27  2:34  Probe (Chrono Boost)  
  33  2:37  Warp Gate  
  34  2:44  Probe (Chrono Boost), Pylon  
  34  2:46  Probe (Chrono Boost)  
  35  2:55  Probe (Chrono Boost)  
  35  2:56  Stargate  
  37  2:58  Probe (Chrono Boost)  
  37  3:01  Pylon  
  37  3:06  Probe (Chrono Boost)  
  37  3:08  Pylon  
  38  3:19  Probe x2 (Chrono Boost), Adept x2  
  44  3:30  Probe x2 (Chrono Boost)  
  44  3:34  Pylon  
  46  3:35  Oracle  
  46  3:40  Probe (Chrono Boost)  
  51  3:42  Probe (Chrono Boost)  
  51  3:45  Assimilator  
  51  3:51  Probe (Chrono Boost), Adept  
  51  3:52  Adept  
  57  3:55  Probe (Chrono Boost)  
  57  4:00  Pylon  
  57  4:06  Oracle  
  57  4:08  Probe (Chrono Boost)  
  58  4:13  Nexus  
  62  4:17  Probe (Chrono Boost), Pylon  
  62  4:26  Probe (Chrono Boost)  
  62  4:28  Mothership Core (Chrono Boost)  
  62  4:29  Assimilator  
  65  4:31  Pylon  
  66  4:38  Probe (Chrono Boost)  
  62  4:46  Probe (Chrono Boost)  
  62  4:49  Twilight Council  
  62  4:50  Probe (Chrono Boost), Forge  
  62  4:57  Probe (Chrono Boost)  
  62  4:58  Pylon  
  63  5:00  Sentry x2  
  63  5:02  Probe (Chrono Boost)  
  63  5:06  Pylon  
  68  5:07  Probe (Chrono Boost)  
  68  5:11  Protoss Ground Weapons Level 1  
  68  5:12  Blink  
  70  5:14  Probe (Chrono Boost)  
  70  5:18  Probe (Chrono Boost)  
  71  5:23  Pylon  
  71  5:25  Robotics Facility  
  71  5:26  Probe (Chrono Boost)  
  73  5:30  Probe x2 (Chrono Boost)  
  73  5:35  Gateway  
  74  5:39  Probe (Chrono Boost)  
  74  5:40  Probe (Chrono Boost)  
  74  5:42  Probe (Chrono Boost), Sentry, Gateway  
  79  5:47  Gateway  
  80  5:51  Probe x2 (Chrono Boost)  
  80  5:53  Assimilator  
  80  5:54  Probe (Chrono Boost), Assimilator  
  82  6:02  Probe (Chrono Boost), Pylon  
  82  6:03  Probe (Chrono Boost), Sentry  
  86  6:06  Probe (Chrono Boost)  
  86  6:07  Gateway  
  86  6:10  Observer  
  86  6:11  Gateway x2  
  87  6:15  Probe (Chrono Boost), Stalker  
  92  6:26  Probe (Chrono Boost)  
  92  6:28  Immortal  
  96  6:36  Pylon  
  96  6:37  Probe x2 (Chrono Boost), Pylon  
  96  6:38  Adept x2  
  102  6:41  Stalker  
  104  6:53  Robotics Bay  
  104  6:57  Robotics Facility  
  104  6:59  Stalker x3  
  110  7:01  Stalker, Pylon  
  110  7:02  Warp Prism  
  110  7:03  Protoss Ground Weapons Level 2  
  110  7:06  Photon Cannon  
  114  7:09  Stalker x2  
  114  7:12  Stalker  
  120  7:17  Resonating Glaives  
  120  7:21  Robotics Facility  
  120  7:41  Stalker x5  
  120  7:42  Pylon  
  130  7:44  Disruptor  
  130  7:50  Disruptor  
  136  8:01  Adept x3  
  142  8:08  Pylon  
  142  8:11  Photon Cannon  
  142  8:13  Photon Cannon  
  142  8:14  Stalker x3  
  142  8:15  Disruptor  
  142  8:16  Zealot x2  
  155  8:27  Nexus  
  155  8:36  Adept x2  
  155  8:37  Adept x3  
  155  8:41  Pylon  
  165  8:42  Pylon  
  165  8:46  Pylon  
  165  8:58  Disruptor  
  165  9:02  Stalker x5  
  175  9:05  Nexus  
  175  9:07  Pylon  
  175  9:10  Pylon  
  175  9:14  Charge  
  175  9:20  Zealot  
  167  9:27  Photon Cannon  
  167  9:29  Stalker  
  167  9:30  Stalker  
  171  9:38  Disruptor x2  
  162  9:39  Photon Cannon x2  
  162  9:41  Photon Cannon  
  161  9:52  Stalker x3  
  167  10:00  Adept x3  
  167  10:06  Adept  
  167  10:07  Adept  
  175  10:09  Warp Prism  
  173  10:20  Adept x2  
  173  10:21  Adept x4  
  155  10:34  Adept x2  
  112  10:52  Stalker x4  
  120  11:02  Stalker x2  
  120  11:04  Stalker  
  126  11:20  Sentry x2  
  126  11:21  Adept x3  
  136  11:29  Adept x2  
  138  11:37  Adept  
  141  11:41  Mothership Core (Chrono Boost)  

Tags
 
Add a new tag
Caveats
  • Supply blocks, unpowered buildings, or Contaminate may cause inaccurate times.
  • Supply counts are checked every 10 seconds.